 Dungeon Sprint DCSS version 0.30-a0-800-g7c544603b3 (webtiles) character file.

Game seed: 16630821183106273227

14679 retardedninja the Blocker (level 12, -1/95 (105) HPs)
             Began as a Gnoll Fighter on Feb 22, 2023.
             Was the Champion of Trog.
             Slain by an orc sorcerer
             ... wielding a +0 dagger
              (4 damage)
             ... while paralysed by an orc sorcerer
             ... in the Dungeon (Sprint IX: "|||||||||||||||||||||||||||||").
             The game lasted 00:05:06 (2944 turns).

retardedninja the Blocker (Gnoll Fighter)           Turns: 2944, Time: 00:05:06

HP:   -1/95 (105)   AC: 15    Str: 22    XL:     12   Next: 19%
MP:   27/27         EV:  2    Int: 12    God:    Trog [******]
Gold: 1340          SH:  0    Dex: 12    Spells: 34/34 levels left

rFire   . . .      SeeInvis .    l - +3 broad axe (heavy)
rCold   . . .      Faith    .    c - +0 buckler
rNeg    . . .      Spirit   .    q - +1 scale mail
rPois   .          Reflect  .    k - +0 helmet
rElec   .          Harm     .    r - +0 cloak
rCorr   .          Rampage  .    (no gloves)
Will    .....      NoTele   +    n - +0 pair of boots
Stlth   +++                      (no amulet)
HPRegen 0.35/turn                o - +3 ring of strength
MPRegen 0.20/turn                p - +3 ring of intelligence

@: paralysed, drained
A: fangs 1, strong nose, distributed training
a: Renounce Religion, Berserk, Trog's Hand, Brothers in Arms


You were in the Dungeon.
You worshipped Trog.
Trog was exalted by your worship.
You visited 1 branch You collected 1340 gold pieces.

Inventory:

Hand Weapons
 l - a +3 heavy broad axe (weapon)
Missiles
 i - 6 poisoned darts (quivered)
 m - 3 throwing nets
Armour
 c - a +0 buckler (worn)
 k - a +0 helmet (worn)
 n - a +0 pair of boots (worn)
 q - a +1 scale mail (worn)
 r - a +0 cloak (worn)
Jewellery
 b - a ring of fire
 o - a +3 ring of strength (left hand)
 p - a +3 ring of intelligence (right hand)
Scrolls
 d - 2 scrolls of fear
 g - a scroll of fog
 j - 3 scrolls of blinking
Potions
 e - 3 potions of heal wounds
 f - 7 potions of curing
 h - 4 potions of magic


   Skills:
 + Level 13.4 Fighting
 + Level 11.8 Short Blades
 + Level 11.8 Long Blades
 + Level 12.6 Axes
 + Level 11.8 Maces & Flails
 + Level 11.8 Polearms
 + Level 11.8 Staves
 + Level 11.8 Ranged Weapons
 + Level 11.8 Throwing
 + Level 13.4 Armour
 + Level 11.8 Dodging
 + Level 11.8 Stealth
 + Level 13.4 Shields
 + Level 11.8 Unarmed Combat
 + Level 11.8 Spellcasting
 + Level 10.0 Conjurations
 + Level 10.0 Hexes
 + Level 10.0 Summonings
 + Level 10.0 Necromancy
 + Level 10.0 Translocations
 + Level 10.0 Transmutations
 + Level 10.0 Fire Magic
 + Level 10.0 Ice Magic
 + Level 10.0 Air Magic
 + Level 10.0 Earth Magic
 + Level 10.0 Poison Magic
 + Level 12.8 Invocations
 + Level 11.8 Evocations


You had 34 spell levels left.
You didn't know any spells.
Your spell library was empty.

Dungeon Overview and Level Annotations

Branches:
Dungeon (1/1)

Altars:
Cheibriados
Dithmenos
Elyvilon
Fedhas
Gozag
Hepliaklqana
Kikubaaqudgha
Makhleb
Nemelex Xobeh
Okawaru
Qazlal
Ru
Sif Muna
Trog
Uskayaw
Vehumet
Wu Jian
Xom
Yredelemnul
Zin
The Shining One
Jiyva
Lugonu

Shops:
D [*!*


Innate Abilities, Weirdness & Mutations

You have very sharp teeth.
Your uncanny sense of smell can sniff out nearby items.
Your experience applies equally to all skills.


Message History

The orc sorcerer shouts!
The orc wizard misses you.
The orc sorcerer points at you and mumbles some strange words.
The bolt of fire hits the orc wizard!!
The orc wizard dies!
The bolt of fire hits you.
The orc sorcerer mumbles some strange words.
You chop the ice devil into pieces!!!
The ice devil is almost dead.
The orc sorcerer casts a spell.
The ice devil misses you.
You slash the ice devil!
You kill the ice devil!
The ice devil disappears in a puff of smoke!
The orc sorcerer sings a few bars from the Orcish anthem.
The ynoxinul gestures.
You closely miss the orc sorcerer.
The orc sorcerer hits you but does no damage.
The orc sorcerer gestures at you while chanting.
The bolt of negative energy hits you!!
You feel drained.
You closely miss the orc sorcerer.
The orc sorcerer hits you with a +0 dagger.
The ynoxinul gestures.
You hit the orc sorcerer but do no damage.
The orc sorcerer casts a spell at you. The bolt of negative energy hits you!!
You feel drained.
* * * LOW HITPOINT WARNING * * *
The orc sorcerer mumbles some strange words.
You slash the orc sorcerer!
The orc sorcerer is moderately wounded.
You block the orc sorcerer's attack. The orc sorcerer casts a spell at you.
You suddenly lose the ability to move!
The ynoxinul gestures.
The orc sorcerer hits you with a +0 dagger.
* * * LOW HITPOINT WARNING * * *
The orc sorcerer hits you with a +0 dagger.
* * * LOW HITPOINT WARNING * * *
The orc sorcerer hits you with a +0 dagger.
You die...

▓.▓.▓.▓.▓
▓.▓.▓.▓.▓
▓.▓.▓.▓.▓
▓+▓.▓[▓.▓)▓
▓5▓.▓[▓.▓÷▓
▓3▓.▓.▓.▓.▓
▓o▓.▓.▓.▓[▓
▓o▓.▓'▓.▓.▓
▓@▓.▓.▓.▓.▓
▓∩▓.▓.▓.▓)▓
▓.▓.▓.▓.▓)▓
▓∩▓.▓?▓.▓.▓
▓.▓.▓.▓.▓.▓
▓∩▓.▓.▓.▓[▓
▓.▓.▓.▓.▓.▓
▓∩▓.▓†▓.▓.▓
▓.▓)▓.▓.▓.▓


You could see a ynoxinul (summoned), 2 orc sorcerers and an ufetubus (summoned).

Vanquished Creatures
  A hydra (D)
  Harold (D)
  A catoblepas (D)
  A death yak (D)
  An orc high priest (D)
  A skyshark (D)
  2 orc knights (D)
  3 orc sorcerers (D)
  A deep elf pyromancer (D)
  An ugly thing (D)
  A cyclops (D)
  A black mamba (D)
  5 cane toads (D)
  2 komodo dragons (D)
  A rime drake (D)
  A tengu conjurer (D)
  A polar bear (D)
  6 yaks (D)
  2 wraiths (D)
  A shadow (D)
  A wyvern (D)
  2 vampire mosquitoes (D)
  3 water moccasins (D)
  2 orc warriors (D)
  2 wolves (D)
  2 centaurs (D)
  A kobold brigand (D)
  A scorpion (D)
  A jelly (D)
  An orc priest (D)
  10 orc wizards (D)
  An ufetubus (D)
  A worm (D)
  A dart slug (D)
  5 orcs (D)
  A ball python (D)
  An endoplasm (D)
  2 hobgoblins (D)
72 creatures vanquished.

Vanquished Creatures (collateral kills)
  An orc high priest (D)
  An orc knight (D)
  An orc sorcerer (D)
  7 orc warriors (D)
  An orc priest (D)
  An orc (D)
12 creatures vanquished.

Vanquished Creatures (others)
  An orc wizard (D)
1 creature vanquished.

Grand Total: 85 creatures vanquished

Notes
Turn   | Place    | Note
-------+----------+-------------------------------------------
     0 | D        | retardedninja the Gnoll Fighter began the quest for the
                  | Orb.
     0 | D        | Reached XP level 1. HP: 23/23 MP: 1/1
    10 | D        | Reached skill level 1 in Invocations
    12 | D        | Reached skill level 1 in Short Blades
    12 | D        | Reached skill level 1 in Long Blades
    12 | D        | Reached skill level 1 in Maces & Flails
    12 | D        | Reached skill level 1 in Polearms
    12 | D        | Reached skill level 1 in Staves
    12 | D        | Reached skill level 1 in Ranged Weapons
    12 | D        | Reached skill level 1 in Throwing
    12 | D        | Reached skill level 1 in Dodging
    12 | D        | Reached skill level 1 in Stealth
    12 | D        | Reached skill level 1 in Unarmed Combat
    12 | D        | Reached skill level 1 in Spellcasting
    12 | D        | Reached skill level 1 in Evocations
    12 | D        | Reached XP level 2. HP: 23/29 MP: 1/3
   143 | D        | Noticed a scorpion
   148 | D        | Reached skill level 5 in Axes
   148 | D        | Reached skill level 1 in Conjurations
   148 | D        | Reached skill level 1 in Hexes
   148 | D        | Reached skill level 1 in Summonings
   148 | D        | Reached skill level 1 in Necromancy
   148 | D        | Reached skill level 1 in Translocations
   148 | D        | Reached skill level 1 in Transmutations
   148 | D        | Reached skill level 1 in Fire Magic
   148 | D        | Reached skill level 1 in Ice Magic
   148 | D        | Reached skill level 1 in Air Magic
   148 | D        | Reached skill level 1 in Earth Magic
   148 | D        | Reached skill level 1 in Poison Magic
   148 | D        | Reached XP level 3. HP: 29/35 MP: 3/6
   167 | D        | Killed a scorpion
   168 | D        | Reached XP level 4. HP: 15/43 MP: 5/8
   475 | D        | Found a snail-covered altar of Cheibriados.
   475 | D        | Found a shadowy altar of Dithmenos.
   475 | D        | Found a white marble altar of Elyvilon.
   475 | D        | Found a blossoming altar of Fedhas.
   475 | D        | Found an opulent altar of Gozag.
   476 | D        | Found a hazy altar of Hepliaklqana.
   477 | D        | Found a viscous altar of Jiyva.
   478 | D        | Found an ancient bone altar of Kikubaaqudgha.
   479 | D        | Found a corrupted altar of Lugonu.
   480 | D        | Found a burning altar of Makhleb.
   481 | D        | Found a sparkling altar of Nemelex Xobeh.
   482 | D        | Found an iron altar of Okawaru.
   483 | D        | Found a stormy altar of Qazlal.
   484 | D        | Found a sacrificial altar of Ru.
   485 | D        | Found a shimmering blue altar of Sif Muna.
   486 | D        | Found a bloodstained altar of Trog.
   487 | D        | Found a hide-covered altar of Uskayaw.
   488 | D        | Found a radiant altar of Vehumet.
   489 | D        | Found an ornate altar of the Wu Jian Council.
   490 | D        | Found a shimmering altar of Xom.
   491 | D        | Found a basalt altar of Yredelemnul.
   492 | D        | Found a glowing silver altar of Zin.
   493 | D        | Found a glowing golden altar of the Shining One.
   494 | D        | Became a worshipper of Trog the Wrathful
   553 | D        | Noticed a centaur
   553 | D        | Noticed a centaur
   553 | D        | Noticed a wraith
   553 | D        | Noticed a wraith
   553 | D        | Noticed a kobold brigand
   553 | D        | Noticed a shadow
   561 | D        | Killed a shadow
   562 | D        | Reached XP level 5. HP: 49/49 MP: 8/11
   562 | D        | Reached XP level 6. HP: 56/56 MP: 8/12
   564 | D        | Reached skill level 5 in Invocations
   565 | D        | Killed a wraith
   565 | D        | Reached * piety under Trog
   566 | D        | Reached skill level 5 in Short Blades
   566 | D        | Reached skill level 5 in Long Blades
   566 | D        | Reached skill level 5 in Maces & Flails
   566 | D        | Reached skill level 5 in Polearms
   566 | D        | Reached skill level 5 in Staves
   566 | D        | Reached skill level 5 in Ranged Weapons
   566 | D        | Reached skill level 5 in Throwing
   566 | D        | Reached skill level 5 in Dodging
   566 | D        | Reached skill level 5 in Stealth
   566 | D        | Reached skill level 5 in Unarmed Combat
   566 | D        | Reached skill level 5 in Spellcasting
   566 | D        | Reached skill level 5 in Evocations
   566 | D        | Reached XP level 7. HP: 63/63 MP: 8/15
   570 | D        | Killed a wraith
   573 | D        | Reached skill level 5 in Conjurations
   573 | D        | Reached skill level 5 in Hexes
   573 | D        | Reached skill level 5 in Summonings
   573 | D        | Reached skill level 5 in Necromancy
   573 | D        | Reached skill level 5 in Translocations
   573 | D        | Reached skill level 5 in Transmutations
   573 | D        | Reached skill level 5 in Fire Magic
   573 | D        | Reached skill level 5 in Ice Magic
   573 | D        | Reached skill level 5 in Air Magic
   573 | D        | Reached skill level 5 in Earth Magic
   573 | D        | Reached skill level 5 in Poison Magic
   574 | D        | Reached ** piety under Trog
   649 | D        | Noticed a cyclops
   649 | D        | Noticed a vampire mosquito
   649 | D        | Noticed a deep elf pyromancer
   649 | D        | Noticed a vampire mosquito
   649 | D        | Noticed a tengu conjurer
   649 | D        | Noticed a white ugly thing
   656 | D        | Killed a tengu conjurer
   657 | D        | Reached XP level 8. HP: 68/71 MP: 17/17
   658 | D        | Killed a white ugly thing
   664 | D        | Reached *** piety under Trog
   672 | D        | Killed a deep elf pyromancer
   673 | D        | Reached skill level 10 in Fighting
   673 | D        | Reached skill level 10 in Armour
   673 | D        | Reached skill level 10 in Shields
   673 | D        | Reached XP level 9. HP: 62/78 MP: 18/20
   682 | D        | Killed a cyclops
   682 | D        | Reached **** piety under Trog
  1105 | D        | Noticed a cane toad
  1105 | D        | Noticed a black mamba
  1109 | D        | Noticed a cane toad
  1112 | D        | Killed a black mamba
  1112 | D        | Reached ***** piety under Trog
  1112 | D        | Noticed a rime drake
  1115 | D        | Killed a cane toad
  1116 | D        | Reached XP level 10. HP: 60/86 MP: 22/22
  1117 | D        | Killed a cane toad
  1118 | D        | Reached skill level 10 in Axes
  1123 | D        | Received a gift from Trog
  1446 | D        | Noticed a cane toad
  1446 | D        | Noticed a skyshark
  1446 | D        | Noticed a cane toad
  1447 | D        | Noticed a five-headed hydra
  1449 | D        | Killed a cane toad
  1450 | D        | Reached skill level 10 in Invocations
  1450 | D        | Killed a cane toad
  1450 | D        | Noticed a cane toad
  1451 | D        | Killed a five-headed hydra
  1452 | D        | Killed a skyshark
  1472 | D        | Killed a cane toad
  1472 | D        | Reached ****** piety under Trog
  1472 | D        | Received a gift from Trog
  1473 | D        | Reached skill level 10 in Short Blades
  1473 | D        | Reached skill level 10 in Long Blades
  1473 | D        | Reached skill level 10 in Maces & Flails
  1473 | D        | Reached skill level 10 in Polearms
  1473 | D        | Reached skill level 10 in Staves
  1473 | D        | Reached skill level 10 in Ranged Weapons
  1473 | D        | Reached skill level 10 in Throwing
  1473 | D        | Reached skill level 10 in Dodging
  1473 | D        | Reached skill level 10 in Stealth
  1473 | D        | Reached skill level 10 in Unarmed Combat
  1473 | D        | Reached skill level 10 in Spellcasting
  1473 | D        | Reached skill level 10 in Evocations
  1473 | D        | Reached XP level 11. HP: 41/95 MP: 23/25
  1899 | D        | Noticed a catoblepas
  1899 | D        | Noticed a death yak
  1903 | D        | Killed a death yak
  1903 | D        | Identified the +9 double sword of Analysis {heavy, rN+}
                  | (Trog gifted it to you in the Dungeon)
  1903 | D        | Received a gift from Trog
  1904 | D        | Killed a catoblepas
  2014 | D        | Noticed Harold
  2024 | D        | Killed Harold
  2291 | D        | Noticed an orc knight
  2300 | D        | Received a gift from Trog
  2300 | D        | Noticed an orc high priest
  2307 | D        | Killed an orc knight
  2319 | D        | Killed an orc high priest
  2319 | D        | Received a gift from Trog
  2325 | D        | Noticed an orc knight
  2337 | D        | Killed an orc knight
  2667 | D        | Noticed an orc high priest
  2667 | D        | Noticed an orc sorcerer
  2670 | D        | Killed an orc sorcerer
  2679 | D        | Killed an orc high priest
  2684 | D        | Identified the +9 trident of Syfeidul {antimagic, rC+}
                  | (Trog gifted it to you in the Dungeon)
  2684 | D        | Received a gift from Trog
  2691 | D        | Reached XP level 12. HP: 105/105 MP: 27/27
  2702 | D        | Paralysed by an orc sorcerer for 2 turns
  2873 | D        | Found Aliphes's General Store.
  2888 | D        | Received a gift from Trog
  2898 | D        | Reached skill level 10 in Conjurations
  2898 | D        | Reached skill level 10 in Hexes
  2898 | D        | Reached skill level 10 in Summonings
  2898 | D        | Reached skill level 10 in Necromancy
  2898 | D        | Reached skill level 10 in Translocations
  2898 | D        | Reached skill level 10 in Transmutations
  2898 | D        | Reached skill level 10 in Fire Magic
  2898 | D        | Reached skill level 10 in Ice Magic
  2898 | D        | Reached skill level 10 in Air Magic
  2898 | D        | Reached skill level 10 in Earth Magic
  2898 | D        | Reached skill level 10 in Poison Magic
  2901 | D        | Received a gift from Trog
  2917 | D        | Found Ehei's Distillery.
  2921 | D        | Found Tesirrok's General Store.
  2925 | D        | Found Sonwemas's Armour Shop.
  2941 | D        | Paralysed by an orc sorcerer for 5 turns
  2942 | D        | HP: 4/95 [orc sorcerer/+0 dagger (4)]
  2944 | D        | Slain by an orc sorcerer

Illustrated notes

Levels and vault maps discovered:
D:        linesprint [early_d, line_temple, items_1, d_10, items_2, lair_1,
          lair_end, items_3, orc_1, orc_end, items_4, d_15, swamp_1, shoals_1,
          snake_1, spider_1, d_20, vaults_1, items_5, swamp_end, shoals_end,
          snake_end, spider_end, vaults_end, d_27, items_6, zot_1, zot_end,
          crypt_end, forest_end, elf_end, slime_end, tomb_end, abyss_end,
          pan_hell_end]

Skill      XL: |  1  2  3  4  5  6  7  8  9 10 11 12 |
---------------+-------------------------------------+-----
Invocations    | 1 2 3 4 5 7 8 9 10 12 | 12.8
Short Blades   | 1 2 3 4 5 6 7 8 10 11 | 11.8
Long Blades    | 1 2 3 4 5 6 7 8 10 11 | 11.8
Maces & Flails | 1 2 3 4 5 6 7 8 10 11 | 11.8
Polearms       | 1 2 3 4 5 6 7 8 10 11 | 11.8
Staves         | 1 2 3 4 5 6 7 8 10 11 | 11.8
Ranged Weapons | 1 2 3 4 5 6 7 8 10 11 | 11.8
Throwing       | 1 2 3 4 5 6 7 8 10 11 | 11.8
Dodging        | 1 2 3 4 5 6 7 8 10 11 | 11.8
Stealth        | 1 2 3 4 5 6 7 8 10 11 | 11.8
Unarmed Combat | 1 2 3 4 5 6 7 8 10 11 | 11.8
Spellcasting   | 1 2 3 4 5 6 7 8 10 11 | 11.8
Evocations     | 1 2 3 4 5 6 7 8 10 11 | 11.8
Axes           | 5 6 7 8 9 11 12 | 12.6
Conjurations   | 1 2 3 4 5 6 7 8 9 10 | 10.0
Hexes          | 1 2 3 4 5 6 7 8 9 10 | 10.0
Summonings     | 1 2 3 4 5 6 7 8 9 10 | 10.0
Necromancy     | 1 2 3 4 5 6 7 8 9 10 | 10.0
Translocations | 1 2 3 4 5 6 7 8 9 10 | 10.0
Transmutations | 1 2 3 4 5 6 7 8 9 10 | 10.0
Fire Magic     | 1 2 3 4 5 6 7 8 9 10 | 10.0
Ice Magic      | 1 2 3 4 5 6 7 8 9 10 | 10.0
Air Magic      | 1 2 3 4 5 6 7 8 9 10 | 10.0
Earth Magic    | 1 2 3 4 5 6 7 8 9 10 | 10.0
Poison Magic   | 1 2 3 4 5 6 7 8 9 10 | 10.0
Fighting       | 7 8 9 10 11 13 | 13.4
Armour         | 7 8 9 10 11 13 | 13.4
Shields        | 7 8 9 10 11 13 | 13.4

Action                     |  1- 3 |  4- 6 |  7- 9 | 10-12 || total
---------------------------+-------+-------+-------+-------++-------
  Melee: War axe           |    32 |     3 |       |       ||    35
         Bite              |     4 |     1 |     4 |     8 ||    17
         Broad axe         |       |    11 |    36 |   123 ||   170
  Throw: Dart              |       |       |     3 |       ||     3
 Invoke: Brothers in Arms  |       |       |       |     4 ||     4
         Berserk           |       |       |       |     1 ||     1
  Evoke: Wand              |       |       |     1 |     9 ||    10
    Use: Potion            |     3 |     1 |     3 |     3 ||    10
         Scroll            |       |       |     2 |       ||     2
   Stab: Invisible         |       |       |     1 |       ||     1
         Sleeping          |       |       |       |     1 ||     1
 Armour: Scale mail        |    10 |     4 |    26 |    42 ||    82
  Dodge: Dodged            |    12 |     7 |    28 |    62 ||   109
  Block: Buckler           |     6 |     2 |    10 |    37 ||    55

Table legend: (Time is in decaauts)
 A = Elapsed time spent in this place.
 B = Non-inter-level travel time spent in this place.
 C = Inter-level travel time spent in this place.
 D = Time resting spent in this place.
 E = Time spent auto-exploring this place.
 F = Levels seen in this place.
 G = Mean time per level.
                   A        B        C        D        E       F      G
               +--------+--------+--------+--------+--------+-----+--------+
         Total |   3051 |   3051 |      0 |   2160 |      0 |   1 | 3051.0 |
       Dungeon |   3051 |   3051 |      0 |   2160 |      0 |   1 | 3051.0 |
               +--------+--------+--------+--------+--------+-----+--------+

Top non-repeatable levels by time:
       D: 3051 daAuts
